[Event "*** Titled Tuesday Blitz"]
[Site "Chess.com"]
[Date "2021.04.27"]
[Round "6"]
[White "atbenina64"]
[Black "Artem_Sadovsky"]
[Result "0-1"]
[WhiteElo "2513"]
[BlackElo "2699"]
[TimeControl "180+1"]
[EndTime "11:07:08 PDT"]
[Termination "Artem_Sadovsky won by resignation"]

1. d4 g6 2. Nf3 Bg7 3. g3 d6 4.
Bg2 e5 5. c4 e4 6. Nfd2 f5 7.
Nc3 Nf6 8. e3 O-O 9. O-O c6 10.
f4 d5 11. b4 Be6 12. cxd5 cxd5 13. b5 Nbd7 14. a4 Rc8 15. Bb2 Nb6 16. a5 Nc4 17.
Nxc4 Rxc4 18. Re1 h5 19. Bf1 Rc8 20. Na4 b6 21. axb6 axb6 22. Rc1 h4 23. Rxc8 Bxc8 24.
Qc2 hxg3 25. hxg3 g5 26. Ba3 Re8 27. fxg5 Ng4 28. Bh3 Nxe3 29. Rxe3 Bxd4 30. Qd2 Bxe3+ 31. Qxe3 d4 32. Qf4 d3 33. Bc1 Qd4+ 34. Be3 d2 35.
Bxd4 d1=Q+ 36. Bf1 Qxd4+ 37. Kg2 Qxa4 38. g6 Qc2+ 39.
Kg1 Qc5+ 40. Kh2 Qe5 41. Bc4+ Kg7 42. Qd2 e3 0-1

[Event "*** Titled Tuesday Blitz"]
[Site "Chess.com"]
[Date "2021.04.27"]
[Round "6"]
[White "Region_07"]
[Black "Kildepiotr"]
[Result "1-0"]
[WhiteElo "2385"]
[BlackElo "2614"]
[TimeControl "180+1"]
[EndTime "11:07:08 PDT"]
[Termination "Region_07 won by resignation"]

1. d4 c5 2. e3 Nf6 3. Nf3 d5 4. c3 Bg4 5. Nbd2 Nbd7 6. h3 Bh5 7. Bd3 e6 8. O-O Qb6 9. e4 cxd4 10. cxd4 dxe4 11.
Nxe4 Nxe4 12. Bxe4 Bd6 13. Qa4 Bxf3 14. Bxf3 Rd8 15. Bg5 f6 16. Bh5+ g6 17. Bxf6 gxh5 18. Bxh8 Kf7 19. Rae1 Qc6 20. Qxc6 bxc6 21. Be5 Be7 22.
Rc1 c5 23. Rfe1 Nxe5 24. dxe5 Rd2 25. Rb1 c4 26. Kf1 Bc5 27. Re2 Rd4 28. Rc1 Kg6 29. b3 Bb4 30. bxc4 Bc5 31. Re3 Kf5 32. Ke2 Rd7 33. Rb3 Kxe5 34. Rb5 Rc7 35. a4 h4 36. a5 Kf4 37. a6 Bd4 38. c5 Rc6 39. Rb4 e5 40.
Ra4 Ke4 41. f3+ Kd5 42. Kd3 Bxc5 43.
Ra5 Kd6 44. Ke4 Bd4 45. Rxc6+ Kxc6 46. f4 Kb6 47. Ra2 Bc3 48. f5 1-0

[Event "*** Titled Tuesday Blitz"]
[Site "Chess.com"]
[Date "2021.04.27"]
[Round "6"]
[White "ybruned"]
[Black "Grandmaster1369"]
[Result "1-0"]
[WhiteElo "2369"]
[BlackElo "2560"]
[TimeControl "180+1"]
[EndTime "11:07:08 PDT"]
[Termination "ybruned won by checkmate"]

1. b3 e5 2. Bb2 Nc6 3. e3 d5 4. Bb5 Bd6 5. f4 Qe7 6. Nf3 Nf6 7. fxe5 Bxe5 8. Nxe5 O-O 9. Bxc6 bxc6 10. Nxc6 Qe6 11. Nd4 Qe4 12. O-O Bg4 13. Qe1 c5 14. Nc3 Qg6 15. Nf3 Qxc2 16. Qb1 Qxb1 17. Raxb1 Bf5 18. Rbc1 Bd3 19. Rfe1 Rfd8 20. Na4 c4 21. Bxf6 gxf6 22. Nc5 Bg6 23. bxc4 Rac8 24. d4 dxc4 25. Rxc4 Bd3 26. Rc3 Bb5 27. Rb1 Be2 28. Rbc1 Rb8 29. Kf2 Bb5 30.
Rb3 Bc6 31. Rcb1 Rbc8 32. Rc1 Bd5 33. Rb2 Re8 34. Rc3 Rc6 35. g3 h5 36. Nh4 Kg7 37.
Ra3 Re7 38. Ng2 h4 39. Nxh4 Rec7 40. e4 Bc4 41. Ke3 a6 42. Rc3 Bb5 43. Rbc2 Kf8 44. a4 Bf1 45. Nf5 Kg8 46. Nh6+ Kg7 47. Nf5+ Kg6 48. Kd2 Bg2 49. Ke3 Bf1 50. Rc1 Bh3 51. Nh4+ Kh5 52. a5 Re7 53. Kf4 f5 54. Nxf5 Bxf5 55.
exf5 Re2 56. R1c2 Re1 57. Re3 Rf1+ 58. Rf3 Re1 59. g4+ Kh4 60. Rcc3 Re3 61. Rcxe3 Rxc5 62. Rh3# 1-0

[Event "*** Titled Tuesday Blitz"]
[Site "Chess.com"]
[Date "2021.04.27"]
[Round "6"]
[White "VladDobrov"]
[Black "Natalya_Buksa"]
[Result "1-0"]
[WhiteElo "2721"]
[BlackElo "2516"]
[TimeControl "180+1"]
[EndTime "11:07:09 PDT"]
[Termination "VladDobrov won by resignation"]

1. b3 Nf6 2. Bb2 g6 3. g4 h6 4. h4 Bg7 5. Bg2 d6 6. c4 e5 7. f3 Nc6 8. Nc3 Be6 9. e4 Nb4 10. d3 a5 11. Nge2 Nc6 12. Qd2 Qd7 13. O-O-O O-O-O 14. Kb1 Kb8 15. Nd5 b6 16. Rc1 Qc8 17.
Rc2 Nd7 18. d4 Qb7 19. Rd1 Rhe8 20. Rcc1 exd4 21. Nxd4 Nxd4 22. Bxd4 Bxd4 23. Qxd4 Ne5 24. Rh1 Qc6 25. g5 hxg5 26. hxg5 Qc5 27. Qd2 Rh8 28. Nf6 Nc6 29. f4 Qd4 30. Qe2 Rxh1 31. Rxh1 Nb4 32. Rd1 Qc3 33. Qb2 Qxb2+ 34. Kxb2 Rh8 35. Rd2 Rh2 36.
Kc1 Nd3+ 37. Rxd3 Rxg2 38. Rf3 Rxa2 39. f5 gxf5 40. exf5 Bc8 41. Nd5 Rg2 42. g6 fxg6 43. f6 Be6 44. f7 Bxf7 45. Rxf7 a4 46. bxa4 Ra2 47. Nc3 Ra3 48. Kb2 Rxc3 49. Kxc3 1-0

[Event "*** Titled Tuesday Blitz"]
[Site "Chess.com"]
[Date "2021.04.27"]
[Round "6"]
[White "Fraler15"]
[Black "SergeyShtyka"]
[Result "1-0"]
[WhiteElo "2218"]
[BlackElo "2402"]
[TimeControl "180+1"]
[EndTime "11:07:10 PDT"]
[Termination "Fraler15 won on time"]

1. e4 c5 2. Nf3 Nc6 3. Bb5 g6 4. c3 Bg7 5. d4 cxd4 6. cxd4 d5 7. exd5 Qxd5 8. Nc3 Qd6 9. d5 a6 10. dxc6 Qxd1+ 11. Kxd1 axb5 12. Nxb5 Ra5 13. a4 bxc6 14. Bd2 Ra6 15. Nc7+ Kd7 16. Nxa6 Bxa6 17. Kc2 Nh6 18. Bc3 Bxc3 19. Kxc3 f6 20. Rad1+ Kc7 21. Nd4 Bc8 22.
f4 e5 23. fxe5 fxe5 24. Nf3 e4 25. Nd4 Rf8 26. Rhf1 Nf5 27. Nxf5 gxf5 28. Rde1 Rg8 29. g3 h5 30. Rf4 Be6 31. b4 c5 32. bxc5 Kc6 33.
Rh4 Bf7 34. Kd4 Bg6 35. Rc1 Ra8 36. Rc4 Re8 37. Ke3 Rb8 38. Kf4 Re8 39. Rc3 Re6 40.
h3 Kc7 41. g4 hxg4 42. hxg4 fxg4 43. Rxg4 Kc6 44. Rg5 Kc7 45. Re5 Rf6+ 46. Kg5 Rc6 47. a5 Bf7 48. Re7+ Kb8 49. Rxf7 e3 50. Rxe3 Rc8 51.
Ree7 1-0

[Event "*** Titled Tuesday Blitz"]
[Site "Chess.com"]
[Date "2021.04.27"]
[Round "6"]
[White "TeukkaSalama"]
[Black "juancruzarias"]
[Result "0-1"]
[WhiteElo "2371"]
[BlackElo "2586"]
[TimeControl "180+1"]
[EndTime "11:07:11 PDT"]
[Termination "juancruzarias won by resignation"]

1. d4 e6 2. Bf4 Nf6 3. e3 Bd6 4. Nf3 b6 5. Bd3 Bb7 6. Nbd2 O-O 7. a4 Nc6 8. c3 Ne7 9. O-O Ng6 10.
Bxd6 cxd6 11. Re1 d5 12. a5 Bc6 13. b4 d6 14. b5 Bd7 15. a6 Rc8 16. c4 Qe7 17. Qb3 Rc7 18. cxd5 Nxd5 19. Rac1 Rfc8 20. Qb2 Nc3 21. Ne4 Nxe4 22. Bxe4 d5 23. Bd3 Qe8 24.
h4 Ne7 25. Ne5 Qd8 26. g3 Be8 27. Rxc7 Qxc7 28. Re2 Qc1+ 29. Qxc1 Rxc1+ 30. Kg2 f6 31. Nf3 Bh5 32. Rc2 Rxc2 33. Bxc2 Nc8 34. Ne1 Nd6 35. Bd3 Be8 36. Nc2 Bxb5 37. Bxb5 Nxb5 38. Nb4 Nc7 39.
f3 Kf7 40. e4 Ke7 41. Kf2 Kd6 42. Ke3 dxe4 43. fxe4 e5 44. d5 Kc5 45. Nc6 Nxa6 46.
Nxa7 b5 47. Nc6 b4 48. Na5 Kb5 49. Nb3 Kc4 50. Nd2+ Kc3 51. g4 Nc5 52. d6 b3 53.
Nb1+ Kc2 54. Na3+ Kc1 55. Nc4 b2 56. Na3 b1=Q 57. Nxb1 Kxb1 58. Kd2 Kb2 59. Ke3 Kb3 60. Kf3 Nd7 61. g5 fxg5 62. hxg5 g6 63. Ke3 Kc4 0-1

[Event "*** Titled Tuesday Blitz"]
[Site "Chess.com"]
[Date "2021.04.27"]
[Round "6"]
[White "MFBerna"]
[Black "UmbertoConcelli"]
[Result "0-1"]
[WhiteElo "2457"]
[BlackElo "2802"]
[TimeControl "180+1"]
[EndTime "11:07:11 PDT"]
[Termination "UmbertoConcelli won by resignation"]

1. e4 c6 2. d4 d5 3. exd5 cxd5 4. Bd3 Nc6 5. c3 Nf6 6. Bf4 g6 7. Ne2 Bf5 8. O-O e6 9. Re1 Bd6 10. g3 Ne4 11. f3 Ng5 12. Kg2 Bh3+ 13. Kf2 h6 14.
Nd2 Bf5 15. Nb3 Nh3+ 16. Kg2 Nxf4+ 17. Nxf4 Bxf4 18. gxf4 Qh4 19. Nc5 O-O 20. Bxf5 gxf5 21. Qd2 Kh8 22. Kh1 Rg8 23. Rg1 Ne7 24. Nd3 Ng6 25.
Rg3 Rg7 26. Rag1 Rag8 27. Qf2 Qd8 28. Rh3 Kh7 29. Rg5 Rh8 30. Ne5 Kg8 31. Nxg6 Rxg6 32. Rxg6+ fxg6 33. Qe3 Kf7 34. Rg3 Qf6 35. Qe5 Qxe5 36.
dxe5 Rc8 37. Rg2 Rc4 38. Rd2 Rxf4 39. Rd4 Rxd4 40. cxd4 f4 41. Kg2 g5 42. h4 Kg6 43.
Kh3 Kh5 44. hxg5 hxg5 45. b3 b6 46. Kg2 Kh4 47. Kh2 g4 48. Kg2 g3 49. Kg1 Kh3 50.
Kh1 g2+ 51. Kg1 Kg3 0-1

[Event "*** Titled Tuesday Blitz"]
[Site "Chess.com"]
[Date "2021.04.27"]
[Round "6"]
[White "Guzman70"]
[Black "canary2016"]
[Result "1-0"]
[WhiteElo "2293"]
[BlackElo "1998"]
[TimeControl "180+1"]
[EndTime "11:07:12 PDT"]
[Termination "Guzman70 won by checkmate"]

1. Nf3 d5 2. c4 c6 3. g3 Nf6 4. Bg2 Bf5 5. O-O e6 6. d4 Bd6 7. Nc3 O-O 8. c5 Bc7 9. Bf4 Bxf4 10. gxf4 Ne4 11. Nxe4 Bxe4 12. b4 Nd7 13. a4 Bg6 14. b5 Nf6 15. Ne5 Be4 16. f3 Bg6 17. bxc6 bxc6 18. Nxc6 Qc7 19. Ne5 Nh5 20. e3 Nf6 21. Qd2 Nd7 22. Nxg6 hxg6 23. Rab1 Rab8 24. Rb5 a6 25.
Rb2 Rxb2 26. Qxb2 Rb8 27. Qc2 Qc6 28. h4 Rb4 29. h5 gxh5 30. f5 Qxa4 31. Qxa4 Rxa4 32.
fxe6 fxe6 33. Rb1 Rc4 34. Bh3 Kf7 35. Rb7 Ke7 36. Ra7 Rc1+ 37. Kf2 Rc2+ 38. Kg3 g6 39. Rxa6 Nf8 40. Ra7+ Kf6 41. f4 Rc3 42. Kf3 g5 43. fxg5+ Kxg5 44. Rf7 Ng6 45. Bxe6 Nh4+ 46.
Ke2 Rc2+ 47. Kd3 Ra2 48. Bxd5 Ra3+ 49. Ke4 Ng2 50. Rg7+ Kf6 51. Rxg2 h4 52. Rh2 Ke7 53. Rxh4 Ke8 54. Rh7 Ra4 55. Ke5 Ra6 56. c6 Ra5 57. e4 Rc5 58. Kd6 Kd8 59. Rh8# 1-0

[Event "*** Titled Tuesday Blitz"]
[Site "Chess.com"]
[Date "2021.04.27"]
[Round "6"]
[White "serhanberat_ozdemir"]
[Black "nrvignesh"]
[Result "1/2-1/2"]
[WhiteElo "2576"]
[BlackElo "2780"]
[TimeControl "180+1"]
[EndTime "11:07:13 PDT"]
[Termination "Game drawn by repetition"]

1. e4 g6 2. d4 d6 3. Nc3 Bg7 4. Nf3 a6 5. Be3 Nc6 6. Qd2 e5 7. dxe5 Nxe5 8. Nxe5 Bxe5 9. f4 Bg7 10. Be2 Ne7 11.
O-O-O O-O 12. h4 b5 13. Bf3 Bb7 14. h5 b4 15. Nd5 Nxd5 16. exd5 Qf6 17. Bd4 Qxd4 18. Qxd4 Bxd4 19. Rxd4 a5 20. hxg6 hxg6 21. f5 Kg7 22. Rf4 gxf5 23. Rh5 Bc8 24. g4 fxg4 25. Bxg4 Bxg4 26. Rg5+ Kh6 27. Rfxg4 Rae8 28. a4 Re5 29. Rxe5 dxe5 30. Rc4 f5 31. Rxc7 Kg5 32. Kd2 Kf4 33. Rc5 Ke4 34. Rxa5 f4 35. Rb5 Kf3 36. d6 e4 37. Rh5 Rd8 38. Rh3+ Kg4 39. Rh6 Kf3 40. Rh3+ Kg2 41. Rh6 Kf2 42. Rh2+ Kg3 43. Rh6 Kf3 44. Rh3+ 1/2-1/2

[Event "*** Titled Tuesday Blitz"]
[Site "Chess.com"]
[Date "2021.04.27"]
[Round "6"]
[White "OlifantCZ"]
[Black "onnoelgersma"]
[Result "0-1"]
[WhiteElo "2265"]
[BlackElo "2463"]
[TimeControl "180+1"]
[EndTime "11:07:13 PDT"]
[Termination "onnoelgersma won on time"]

1. c4 e6 2. g3 d5 3. Bg2 Nf6 4. Nf3 d4 5. O-O Nc6 6. e3 e5 7. exd4 exd4 8. d3 Be7 9. Na3 O-O 10. Nc2 a5 11. b3 h6 12. a3 Bg4 13. h3 Bh5 14. Re1 Qd7 15. Bd2 Bg6 16. Bf4 Rfe8 17. Ne5 Nxe5 18. Bxe5 Bc5 19. Bxf6 gxf6 20. Qd2 Bf8 21.
f4 h5 22. Kh2 c6 23. Bf3 Bh6 24. h4 Bf8 25. Be4 Rad8 26. Bxg6 fxg6 27. Qg2 Qf5 28. Qd2 Qg4 29. b4 axb4 30. axb4 c5 31. bxc5 Bxc5 32. Kg2 Kg7 33. Rxe8 Rxe8 34. Re1 Rxe1 35. Nxe1 Qd7 36. Qe2 b5 37. cxb5 Qxb5 38. Nf3 Qc6 39. Kf2 Qd7 40. Nd2 Qh3 41. Nf3 Qd7 42. Qe4 Ba7 43. Qa8 Kh7 44. Nd2 Kg7 45. Ne4 Bb6 46. Kf3 Bd8 0-1

[Event "*** Titled Tuesday Blitz"]
[Site "Chess.com"]
[Date "2021.04.27"]
[Round "6"]
[White "vinniethepooh"]
[Black "riospm"]
[Result "1/2-1/2"]
[WhiteElo "2717"]
[BlackElo "2533"]
[TimeControl "180+1"]
[EndTime "11:07:15 PDT"]
[Termination "Game drawn by repetition"]

1. d4 Nf6 2. c4 e6 3. Nc3 Bb4 4. f3 d5 5. a3 Bxc3+ 6. bxc3 c5 7. cxd5 exd5 8. e3 O-O 9. Bd3 Re8 10. Ne2 Nc6 11. O-O b6 12. Ng3 a5 13. Ra2 Ba6 14. Re2 Bxd3 15. Qxd3 Qd7 16. Bb2 Rad8 17. Rd1 c4 18.
Qb1 b5 19. e4 dxe4 20. fxe4 b4 21. axb4 axb4 22. Rf2 Ng4 23. Rf3 Nce5 24. Rf5 Nd3 25. Rxd3 cxd3 26. Qxd3 bxc3 27. Bxc3 g6 28. Rf4 Ne5 29. Qf1 Nc6 30. e5 f5 31. exf6 Rf8 32. Qc4+ Qd5 33. Qd3 Nb8 34. Ne4 Nd7 35. Qf3 Rf7 36.
Bb4 Rc8 37. Qe3 Rc4 38. Be7 Qxd4 39. Qxd4 Rxd4 40. Kf2 Rxe4 41. Rxe4 Nxf6 42. Bxf6 Rxf6+ 43. Ke2 Kg7 44. Re3 h5 45. Rf3 Rxf3 46. Kxf3 Kf6 47. Kf4 g5+ 48. Ke4 Ke6 49. g3 Kf6 50. h3 Ke6 51. g4 hxg4 52. hxg4 Kf6 53. Kd5 Kf7 54. Ke5 Ke7 55. Kf5 Kf7 56. Ke5 Ke7 57. Kf5 Kf7 58.
Kxg5 Kg7 59. Kf5 Kf7 60. g5 Kg7 61. Kf4 Kg6 62. Kg4 Kg7 63. Kf5 Kf7 64. g6+ Kg7 65. Kg5 Kg8 66. Kh6 Kh8 67. Kh5 Kg7 68. Kg5 Kg8 69.
Kf5 Kg7 70. Kg5 1/2-1/2

[Event "*** Titled Tuesday Blitz"]
[Site "Chess.com"]
[Date "2021.04.27"]
[Round "6"]
[White "nocnypako"]
[Black "DanielTitichoca"]
[Result "1-0"]
[WhiteElo "2551"]
[BlackElo "2393"]
[TimeControl "180+1"]
[EndTime "11:07:15 PDT"]
[Termination "nocnypako won by checkmate"]

1. d4 Nf6 2. c4 c5 3. d5 e6 4. Nc3 exd5 5. cxd5 d6 6. e4 g6 7. f4 Bg7 8. Bb5+ Nfd7 9. a4 O-O 10. Nf3 a6 11.
Bd3 Re8 12. O-O Nf6 13. h3 Nbd7 14. Bd2 Rb8 15. e5 dxe5 16. fxe5 Nxe5 17. Nxe5 Rxe5 18.
Bf4 Nh5 19. Bxe5 Bxe5 20. Qf3 f5 21. Ne2 Qc7 22. g4 Ng7 23. Rad1 Bd7 24. d6 Bxd6 25.
Bc4+ Kh8 26. Qd5 Bh2+ 27. Kf2 Bc6 28. Qxc5 Re8 29. Qd4 Be5 30. Qc5 Qb8 31. Rd3 fxg4 32. hxg4 Rf8+ 33. Ke1 Re8 34. Kd1 Bxb2 35. Bd5 Bxa4+ 36.
Kd2 Bb5 37. Bc4 Bc6 38. Bd5 Bb5 39. Bc4 Rc8 40. Qd6 Bxc4 41. Qxb8 Rxb8 42. Rd7 Ba3 43. Nd4 Bb5 44. Nxb5 axb5 45. Rff7 Bf8 46. Rxb7 Rxb7 47. Rxf8# 1-0

[Event "*** Titled Tuesday Blitz"]
[Site "Chess.com"]
[Date "2021.04.27"]
[Round "6"]
[White "Cptn2"]
[Black "PavelChernomordik"]
[Result "1-0"]
[WhiteElo "2589"]
[BlackElo "2389"]
[TimeControl "180+1"]
[EndTime "11:07:16 PDT"]
[Termination "Cptn2 won on time"]

1. e4 g6 2. d4 Bg7 3. Nf3 d6 4. Bd3 c5 5. d5 Nf6 6. O-O O-O 7. c4 e6 8. Nc3 Re8 9. Bc2 e5 10. Ne1 Nh5 11. Nd3 Na6 12. a3 Nc7 13. b4 b6 14.
Ba4 Rf8 15. Bc6 Rb8 16. Rb1 Ba6 17. Qb3 f5 18. f3 Qh4 19. bxc5 dxc5 20. d6 Ne8 21. d7 Nd6 22. Nxc5 Bxc4 23. Bd5+ Bxd5 24. Qxd5+ Nf7 25. Ne6 Nf6 26. Qd3 Rfd8 27. Nxd8 Rxd8 28. Nd5 Nxd7 29. Qe2 Nc5 30. Be3 Bf8 31. Bf2 Qg5 32. Rbd1 Rc8 33. Rc1 Rd8 34. Rfd1 Nb3 35. Rc7 Nd4 36.
Bxd4 exd4 37. f4 Qh4 38. g3 Qh6 39. Nf6+ Kg7 40. e5 Bc5 41. Qc4 Rf8 42. Rxd4 g5 43. Kg2 1-0

[Event "*** Titled Tuesday Blitz"]
[Site "Chess.com"]
[Date "2021.04.27"]
[Round "6"]
[White "NateSolon"]
[Black "volkanyirik"]
[Result "1/2-1/2"]
[WhiteElo "2628"]
[BlackElo "2423"]
[TimeControl "180+1"]
[EndTime "11:07:16 PDT"]
[Termination "Game drawn by repetition"]

1. d4 Nf6 2. c4 c5 3. d5 b5 4. f3 bxc4 5. e4 d6 6. Bxc4 g6 7. Ne2 Bg7 8. O-O O-O 9. Nec3 a5 10. a4 Nbd7 11. Na3 Nb6 12. Bb5 e6 13. dxe6 Bxe6 14. Be3 Qc7 15. Rc1 Rad8 16. Qe2 Qb8 17. Rfd1 Ne8 18. Rd2 Bb3 19. Nc4 Nxc4 20. Bxc4 Bxc3 21. Rxc3 Bxc4 22. Qxc4 Ng7 23. Rcd3 Ne6 24. b3 Qb6 25. f4 Rb8 26. f5 Nd4 27. Bxd4 cxd4 28. Qxd4 Qxd4+ 29.
Rxd4 Rxb3 30. Rxd6 Rb4 31. R6d4 gxf5 32. exf5 Rfb8 33.
f6 h6 34. h4 Rxd4 35. Rxd4 Rb4 36. Rd8+ Kh7 37. h5 Rxa4 38. Rf8 Rh4 39. Rxf7+ Kg8 40. Rg7+ Kf8 41. g4 a4 42. Kg2 a3 43. Kg3 Rh1 44. Ra7 Rf1 45. Rxa3 Rxf6 46. Rf3 Kg7 47. Rxf6 Kxf6 48.
Kf4 Ke6 49. Ke4 Kf6 50. Kf4 Ke6 51. Kf3 Kf6 52. Ke4 Ke6 53. Ke3 Kf7 54. Kf3 Ke6 55.
Ke4 Kf6 56. Kf4 1/2-1/2

[Event "*** Titled Tuesday Blitz"]
[Site "Chess.com"]
[Date "2021.04.27"]
[Round "6"]
[White "SergioGarciaFuentes"]
[Black "dragos420"]
[Result "1-0"]
[WhiteElo "2360"]
[BlackElo "2536"]
[TimeControl "180+1"]
[EndTime "11:07:16 PDT"]
[Termination "SergioGarciaFuentes won by resignation"]

1. Nf3 Nf6 2. g3 e6 3. Bg2 d5 4. O-O c5 5. d4 Nc6 6. c4 dxc4 7. Qa4 cxd4 8. Nxd4 Qxd4 9. Bxc6+ bxc6 10. Qxc6+ Qd7 11. Qxa8 Bc5 12. Nc3 O-O 13. Rd1 Qc7 14. Qf3 Bb7 15. e4 Nxe4 16. Nxe4 f5 17. Be3 Bxe4 18. Qe2 Be7 19.
Rac1 Bd5 20. b3 Qb7 21. Rxc4 Bf3 22. Qf1 Bxd1 23. Qxd1 Rd8 24. Rd4 Rxd4 25. Qxd4 a6 26. Qb6 Qxb6 27. Bxb6 e5 28. f3 Kf7 29. Kf2 Ke6 30. Ke3 Kd5 31. Kd3 g5 32. Be3 h6 33.
Bd2 Bc5 34. h3 f4 35. g4 Bd4 36. b4 Ba1 37. a4 Bd4 38. Be1 Kc6 39. Ke4 Kb6 40.
h4 Kc6 41. h5 Kb6 42. Kf5 Kc6 43.
Kg6 e4 44. fxe4 f3 45. Kxh6 f2 46. Bxf2 Bxf2 47. Kxg5 Be1 48. b5+ axb5 49. axb5+ Kxb5 50. Kg6 Kc5 51. g5 Kd6 52. Kf7 Bc3 53. g6 1-0

[Event "*** Titled Tuesday Blitz"]
[Site "Chess.com"]
[Date "2021.04.27"]
[Round "6"]
[White "BrandonJacobson"]
[Black "miragha_yev"]
[Result "1/2-1/2"]
[WhiteElo "2937"]
[BlackElo "2744"]
[TimeControl "180+1"]
[EndTime "11:07:17 PDT"]
[Termination "Game drawn - insufficient material"]

1. d4 e6 2. c4 d5 3. Nf3 Nf6 4. g3 dxc4 5. Bg2 c5 6. O-O Nc6 7. dxc5 Qxd1 8. Rxd1 Bxc5 9. Nfd2 Na5 10. Na3 Bxa3 11.
bxa3 O-O 12. Bb2 Nd5 13. Rac1 Bd7 14. Nxc4 Nxc4 15. Rxc4 Bc6 16. e4 Nb6 17. Rcd4 f6 18. f4 e5 19. fxe5 fxe5 20. R4d3 Nc4 21. Bc3 a5 22. Re1 h6 23. Bf1 Kh7 24. Rdd1 Nxa3 25. Bxe5 Rfe8 26. Bb2 Nb5 27. e5 Nc7 28. Bd3+ Kg8 29.
Bc4+ Kh8 30. Rd6 Rad8 31. Rxd8 Rxd8 32. e6 Re8 33. Re5 b5 34. Rc5 Nxe6 35. Rxc6 bxc4 36. Rxc4 Kg8 37. Bc3 Ng5 38. Rc7 Re2 39. Rxg7+ Kf8 40. Rg6 Nf3+ 41. Kf1 Rxh2 42. Rf6+ Ke7 43. Rxf3 Rxa2 44.
Rf5 Ra3 45. Rf3 Ke6 46. Ke2 a4 47. Kd3 Ra2 48. Kc4 h5 49. Rf6+ Ke7 50. Rf5 Rg2 51.
Rg5 a3 52. Kb3 a2 53. Be5 Ke6 54. Ba1 h4 55. gxh4 Rxg5 56. hxg5 Kf5 57. Kxa2 Kxg5 1/2-1/2

[Event "*** Titled Tuesday Blitz"]
[Site "Chess.com"]
[Date "2021.04.27"]
[Round "6"]
[White "ri4mi"]
[Black "alejogarcia1999"]
[Result "0-1"]
[WhiteElo "2309"]
[BlackElo "2483"]
[TimeControl "180+1"]
[EndTime "11:07:17 PDT"]
[Termination "alejogarcia1999 won by checkmate"]

1. e4 c5 2. Nc3 e6 3. Nf3 Nc6 4. d4 cxd4 5. Nxd4 Nf6 6. Nxc6 bxc6 7. e5 Nd5 8. Ne4 Qc7 9. f4 Qa5+ 10. Bd2 Qb6 11.
c4 Qd4 12. Qf3 Qxb2 13. Rd1 Nb4 14. Be2 Nc2+ 15. Kf2 Qb6+ 16. Kg3 Nd4 17. Qd3 Nf5+ 18. Kh3 h5 19. g3 Be7 20. Rb1 Qc7 21. c5 a5 22. Nd6+ Bxd6 23. cxd6 Qd8 24. Qc2 Ba6 25.
Bxa6 Rxa6 26. Rb7 Nd4 27. Qd3 Nb5 28. a4 Ra7 29. Rxa7 Nxa7 30. Rb1 c5 31. Qa6 Nc6 32. Rb7 O-O 33. Qb5 Qc8 34. Rb6 Nd4 35. Qxa5 f6 36.
Qa6 Qe8 37. Rb7 fxe5 38. fxe5 Qg6 39. Qf1 Rxf1 40. Bf4 Qg4+ 41. Kg2 Qf3+ 42. Kh3 Rf2 43. Rb8+ Kh7 44. Kh4 Qg4# 0-1

[Event "*** Titled Tuesday Blitz"]
[Site "Chess.com"]
[Date "2021.04.27"]
[Round "6"]
[White "ChristopherYoo"]
[Black "chessdjw"]
[Result "1/2-1/2"]
[WhiteElo "2940"]
[BlackElo "2744"]
[TimeControl "180+1"]
[EndTime "11:07:19 PDT"]
[Termination "Game drawn - insufficient material"]

1. e4 e5 2. Nf3 Nc6 3. Bb5 Nf6 4. d4 exd4 5. O-O a6 6. Ba4 Be7 7. e5 Ne4 8. Nxd4 O-O 9. Re1 Nc5 10. Bxc6 dxc6 11. Nc3 Ne6 12. Nf5 Bb4 13. Qg4 Bxc3 14. bxc3 g6 15. Rd1 Bd7 16. Ng3 f5 17. exf6 Qxf6 18. Ne4 Qg7 19. Bh6 Qxh6 20. Rxd7 Rae8 21. Re1 Rf4 22. Qd1 Qf8 23. g3 Rf5 24. Qd2 Re5 25. Re3 Nc5 26. Nxc5 Rxe3 27. fxe3 Qxc5 28. Qd4 Qxd4 29.
cxd4 Rxe3 30. Rxc7 Rc3 31. d5 Kf8 32. dxc6 bxc6 33.
Ra7 Rxc2 34. Rxa6 Ke7 35. Ra7+ Kd6 36. Rxh7 Rxa2 37. Rg7 c5 38. Rxg6+ Kd5 39. Rg8 c4 40. Rd8+ Ke4 41. Re8+ Kd3 42. Rd8+ Ke3 43. Re8+ Kd4 44.
Rd8+ Ke4 45. Rc8 Kd3 46. Rd8+ Kc3 47. h4 Kb4 48. Rb8+ Kc5 49. Rc8+ Kd4 50. Rd8+ Ke4 51. Rc8 Kf3 52. Rxc4 Kxg3 53. Rc3+ Kg4 54. Rc4+ Kg3 55.
Kf1 Rf2+ 56. Ke1 Rh2 57. Kf1 Rxh4 58. Rxh4 Kxh4 1/2-1/2

[Event "*** Titled Tuesday Blitz"]
[Site "Chess.com"]
[Date "2021.04.27"]
[Round "6"]
[White "Superfelix"]
[Black "DarkAlekhine"]
[Result "0-1"]
[WhiteElo "2502"]
[BlackElo "2687"]
[TimeControl "180+1"]
[EndTime "11:07:19 PDT"]
[Termination "DarkAlekhine won by resignation"]

1. e4 Nf6 2. Nc3 d5 3. exd5 Nxd5 4. Bc4 Nb6 5. Bb3 Nc6 6. Nf3 Bf5 7. d3 e6 8. O-O Be7 9. Re1 Qd7 10. h3 O-O 11.
Bf4 a6 12. a3 Rad8 13. Ne5 Nxe5 14. Bxe5 Kh8 15. Qf3 f6 16. Bh2 e5 17. Qxb7 a5 18. Qf3 Bg6 19. Rad1 a4 20. Ba2 c5 21. Ne4 Rb8 22.
Nd2 Rfd8 23. Rb1 Bf8 24. Nc4 Nxc4 25. Bxc4 Qd4 26. c3 Qd7 27. Rf1 Rb6 28. Rfd1 Rd6 29.
Bg3 Bxd3 30. Bxd3 Rxd3 31. Rxd3 Qxd3 32. Qxd3 Rxd3 33. Kf1 c4 34. Ke2 Kg8 35. Rd1 Rxd1 36. Kxd1 Kf7 37. f4 e4 38. f5 g6 39. fxg6+ hxg6 40. Ke2 Bh6 41. Bd6 Ke6 42. Bb4 f5 43. g4 f4 44. h4 Ke5 45. Ba5 Kd5 46. Bc7 f3+ 47. Kf2 Bf8 48. Bb6 Bd6 49. Be3 Ke6 50.
Bg5 Bc5+ 51. Kg3 Ke5 52. h5 gxh5 53. gxh5 Kf5 54. h6 Kg6 55. Bc1 Bf8 56. Kf4 Bxh6+ 0-1

[Event "*** Titled Tuesday Blitz"]
[Site "Chess.com"]
[Date "2021.04.27"]
[Round "6"]
[White "Matensien"]
[Black "mirochka"]
[Result "1-0"]
[WhiteElo "2350"]
[BlackElo "2223"]
[TimeControl "180+1"]
[EndTime "11:07:19 PDT"]
[Termination "Matensien won on time"]

1. c4 Nf6 2. Nf3 e6 3. g3 d5 4. Bg2 Be7 5. O-O O-O 6. b3 c5 7. cxd5 exd5 8. d4 b6 9. Bb2 Nbd7 10. Nc3 Bb7 11. Rc1 Ne4 12. dxc5 Nxc3 13. Bxc3 Nxc5 14.
Nd4 Ne4 15. Bb2 Rc8 16. Rxc8 Qxc8 17. Qd3 Bf6 18. Rc1 Qd7 19. Rc2 h5 20. Nb5 Bxb2 21.
Bxe4 Bc6 22. Rxb2 dxe4 23. Qxd7 Bxd7 24. Nd6 e3 25. fxe3 Bg4 26. Kf2 Rd8 27. Rd2 Kf8 28. Rd4 Ke7 29. Nb5 Rc8 30. Nxa7 Rc2 31. Kf1 Rxa2 32.
Nc6+ Ke6 33. Nb4 Rb2 34. Re4+ Kf5 35. Rf4+ Kg6 36. Rd4 Bxe2+ 37. Ke1 Bg4 38. Nd5 Rxb3 39. Nf4+ Kh7 40. h3 Bf3 41. Kf2 Bc6 42. Rd2 Be4 43.
Nxh5 Rb1 44. Nf4 b5 45. h4 b4 46. g4 b3 47. Ne2 Ra1 48. Nc3 Bc2 49. Rd4 1-0

[Event "*** Titled Tuesday Blitz"]
[Site "Chess.com"]
[Date "2021.04.27"]
[Round "6"]
[White "IMRosen"]
[Black "KonstantinB_1983"]
[Result "1-0"]
[WhiteElo "2672"]
[BlackElo "2504"]
[TimeControl "180+1"]
[EndTime "11:07:22 PDT"]
[Termination "IMRosen won by resignation"]

1. d4 Nf6 2. Bf4 d6 3. Nc3 c6 4.
e4 Qb6 5. Rb1 Be6 6. Nf3 a5 7. a3 h6 8. Bd3 g5 9. Be3 Qc7 10. O-O Bg7 11. Kh1 Bg4 12. h3 Bh5 13. Be2 e5 14. Nd2 Bxe2 15. Nxe2 Nbd7 16. Ng3 d5 17. Nf5 Bf8 18. dxe5 Nxe5 19. f4 gxf4 20. Bxf4 O-O-O 21. Qe2 Nxe4 22. Nxe4 dxe4 23. Qxe4 f6 24. Rbe1 Re8 25. b4 axb4 26. axb4 Qb6 27. Ra1 Kc7 28. c3 h5 29. Be3 Qb5 30. Nd4 Qd3 31. Qxd3 Nxd3 32.
Bg1 Bd6 33. Rxf6 Be5 34. Bh2 Kb8 35. Bxe5+ Nxe5 36. Re1 h4 37. Re6 Rxe6 38. Nxe6 Nd3 39. Re3 Nb2 40. Nc5 Rd8 41. Kg1 Nc4 42. Re7 Rd1+ 43.
Kf2 b6 44. Na6+ Kc8 45. Rc7+ Kd8 46. Rxc6 Rd2+ 47. Ke1 Ra2 48. Rxc4 Rxa6 49. Rxh4 Kd7 50.
Kd2 Kc6 51. Kd3 Ra2 52. Rg4 Kb5 53. h4 Rf2 54. h5 Rf4 55. Rxf4 Ka4 56. b5+ Kb3 57.
h6 Kb2 58. Rb4+ Kc1 59. c4 1-0